 Dungeon Crawl Stone Soup version 0.29.1-13-g9f3cf754e1 (webtiles) character file.

Game seed: 15059148181998014284

78696 MacCMillion the Gelid (level 15, 0/92 HPs)
             Began as a Gargoyle Earth Elementalist on Jan 21, 2023.
             Was a High Priest of Vehumet.
             Killed by divine providence
             ... invoked by Saint Roka
              (15 damage)
             ... on level 2 of the Orcish Mines on Jan 22, 2023.
             The game lasted 01:44:47 (32836 turns).

MacCMillion the Gelid (GrEE)                       Turns: 32836, Time: 01:44:48

Health: 0/92       AC: 24    Str: 13    XL:     15   Next: 61%
Magic:  0/28       EV: 10    Int: 28    God:    Vehumet [*****.]
Gold:   1960       SH:  5    Dex: 10    Spells: 9/32 levels left

rFire   . . .      SeeInvis .   N - +2 dagger (venom)
rCold   . . .      Faith    .   R - +0 buckler
rNeg    + + .      Spirit   .   x - +0 acid dragon scales
rPois   ∞          Reflect  .   u - +0 helmet
rElec   +          Harm     .   J - +0 cloak
rCorr   +          Rampage  .   K - +2 pair of gloves of Valiance {rPois rN+ Regen+}
Will    +....                   G - +1 pair of boots
Stlth   ++........              Y - amulet of regeneration
HPRegen 1.85/turn               I - +6 ring of intelligence
MPRegen 0.21/turn               T - ring of wizardry

@: flying
A: sickness immunity, AC +11, big wings, negative energy resistance 1,
electricity resistance, torment resistance 1, petrification resistance
a: Renounce Religion


You were on level 2 of the Orcish Mines.
You worshipped Vehumet.
Vehumet was extremely pleased with you.
You visited 4 branches of the dungeon, and saw 19 of its levels.
You also visited: Ossuary and Ice Cave.

You collected 2227 gold pieces.
You spent 267 gold pieces at shops.

Inventory:

Hand Weapons
 N - a +2 dagger of venom (weapon)
Missiles
 o - 4 javelins
 C - 6 poisoned darts
 F - 31 boomerangs
 L - 4 curare-tipped darts
Armour
 u - a +0 helmet (worn)
 x - +0 acid dragon scales (worn)
 G - a +1 pair of boots (worn)
 J - a +0 cloak (worn)
 K - the +2 pair of gloves of Valiance (worn) {rPois rN+ Regen+}
   (You found it on level 10 of the Dungeon)

   rPois:     It protects you from poison.
   rN:        It protects you from negative energy.
   Regen:     It increases your rate of health regeneration.
 R - a +0 buckler (worn)
 U - a +2 robe of resistance
Jewellery
 I - a +6 ring of intelligence (left hand)
 S - a +6 ring of dexterity
 T - a ring of wizardry (right hand)
 V - the ring of the Ancient Hosts {rPois Int+3 SInv}
   (You found it on level 5 of the Lair of Beasts)

   [ring of see invisible]

   Int:       It affects your intelligence (+3).
   rPois:     It protects you from poison.
   SInv:      It lets you see invisible.
 Y - an amulet of regeneration (around neck)
Wands
 A - a wand of iceblast (13)
 E - a wand of mindburst (20)
 M - a wand of charming (7)
 P - a wand of flame (12)
Scrolls
 c - 4 scrolls of poison
 d - 3 scrolls of immolation
 f - 6 scrolls of teleportation
 g - 8 scrolls of noise
 i - 5 scrolls of butterflies
 j - a scroll of enchant armour {unknown}
 k - 6 scrolls of enchant weapon
 n - 2 scrolls of fear
 p - a scroll of blinking
 q - a scroll of summoning {unknown}
 s - a scroll of amnesia
 y - a scroll of brand weapon {unknown}
 D - 7 scrolls of vulnerability
 X - a scroll of silence {unknown}
 Z - a scroll of magic mapping {unknown}
Potions
 a - a potion of berserk rage {unknown}
 b - 3 potions of magic
 e - 2 potions of invisibility
 h - 8 potions of curing
 l - 4 potions of brilliance
 m - 5 potions of might
 r - 4 potions of attraction
 t - 2 potions of lignification {unknown}
 v - a potion of cancellation {unknown}
 w - 5 potions of haste
 z - 2 potions of ambrosia {unknown}
 B - 6 potions of heal wounds
 H - 3 potions of flight {unknown}
 O - 2 potions of mutation {unknown}
Miscellaneous
 Q - a box of beasts (inert)
 W - a condenser vane (inert)


   Skills:
 - Level 10.0 Fighting
 - Level 1.6 Dodging
 - Level 5.0 Stealth
 - Level 5.0 Shields
 + Level 9.0 Spellcasting
 - Level 14.9 Conjurations
 - Level 7.0 Hexes
 - Level 4.0 Translocations
 - Level 0.9 Transmutations
 + Level 15.1 Ice Magic
 - Level 10.0 Earth Magic


You had 9 spell levels left.
You knew the following spells:

 Your Spells              Type           Power      Damage    Failure   Level
a - Sandblast             Erth           100%       2d20      1%          1
b - Stone Arrow           Conj/Erth      100%       3d13      1%          3
c - Blink                 Tloc           70%        N/A       1%          2
d - Fulminant Prism       Conj/Hex       32%        3d16      1%          4
e - Ozocubu's Refrigerat  Ice            39%        4d16      1%          7
f - Iskenderun's Battles  Conj           77%        2d13      1%          5
g - Magic Dart            Conj           100%       1d8       0%          1

Your spell library contained the following spells:

 Spells                   Type           Power      Damage    Failure   Level
 Freezing Cloud           Conj/Ice/Air   31%        6-21      1%          5
 Freeze                   Ice            100%       1d11      0%          1
 Foxfire                  Conj/Fire      100%       2x1d9     1%          1
 Shock                    Conj/Air       100%       1d9       1%          1
 Passwall                 Tmut/Erth      35%        N/A       1%          2
 Poisonous Vapours        Pois/Air       24%        N/A       1%          2
 Searing Ray              Conj           100%       2d8       1%          2
 Conjure Flame            Conj/Fire      53%        6-21      1%          3
 Frozen Ramparts          Ice            100%       1d16      1%          3
 Inner Flame              Hex/Fire       32%        N/A       1%          3
 Lesser Beckoning         Tloc           35%        N/A       1%          3
 Ozocubu's Armour         Ice            78%        N/A       1%          3
 Flame Wave               Conj/Fire      53%        2d13      1%          4
 Hailstorm                Conj/Ice       77%        3d16      1%          4
 Ice Form                 Ice/Tmut       55%        N/A       1%          4
 Iskenderun's Mystic Bla  Conj/Tloc      60%        2d13      1%          4
 Summon Ice Beast         Ice/Summ       53%        N/A       1%          4
 Irradiate                Conj/Tmut      27%        3d20      1%          5
 Lee's Rapid Deconstruct  Erth           31%        3d17*     1%          5
 Summon Guardian Golem    Hex/Summ       32%        N/A       2%          3
 Summon Small Mammal      Summ           48%        N/A       3%          1
 Petrify                  Tmut/Erth      43%        N/A       3%          4
 Animate Armour           Summ/Erth      80%        N/A       4%          4
 Airstrike                Air            6%         2d(1-17)  10%         4
 Olgreb's Toxic Radiance  Pois           12%        N/A       10%         4
 Call Canine Familiar     Summ           12%        N/A       11%         3
 Swiftness                Air            12%        N/A       11%         3
 Manifold Assault         Tloc           35%        N/A       17%         5
 Summon Mana Viper        Hex/Summ       32%        N/A       22%         5
 Corpse Rot               Necr/Pois/Air  12%        N/A       32%         4
 Summon Lightning Spire   Summ/Air       12%        N/A       32%         4
 Lehudib's Crystal Spear  Conj/Erth      35%        10d9      32%         8
 Blade Hands              Tmut           8%         N/A       52%         5
 Dragon Form              Tmut           8%         N/A       100%        7
 Monstrous Menagerie      Summ           6%         N/A       100%        7
 Storm Form               Tmut/Air       7%         N/A       100%        7
 Ignition                 Fire           6%         3d4       100%        8
 Maxwell's Capacitive Co  Air            6%         ∞         100%        8


Dungeon Overview and Level Annotations

Branches:
Dungeon (11/15)            Temple (1/1) D:4            Lair (5/5) D:11
  Swamp (0/4) Lair:3        Snake (0/4) Lair:3        Slime (0/5) Lair:5
    Orc (2/2) D:10        Ossuary (visited)           IceCv (visited)
    Elf: Orc:2

Altars:
Ashenzari
Cheibriados
Dithmenos
Elyvilon
Fedhas
Gozag
Hepliaklqana
Kikubaaqudgha
Makhleb
Nemelex Xobeh
Okawaru
Qazlal
Sif Muna
Trog
Uskayaw
Vehumet
Wu Jian
Xom
Yredelemnul
Zin
The Shining One

Shops:
D:3 (   D:4 !   D:6 [?*   D:8 !   D:9 *   Orc:2 [

Annotations:
D:3 3 runed translucent doors, Mindmass's ghost, novice MiBe
D:4 1 runed translucent door, Crazy Yiuf
D:5 Grinder
Lair:3 exclusion: oklob plant
Orc:2 1 exclusion, Saint Roka


Innate Abilities, Weirdness & Mutations

You are immune to sickness and miasma.
Your stone body is resilient. (AC +11)
You are immune to poison.
Your large and strong wings let you fly.
You resist negative energy. (rN+)
You are resistant to electric shocks. (rElec)
You are resistant to unholy torment.
You are immune to petrification.


Message History

Press: ? - help, Q - select action, (/) - cycle Shift-Dir - straight line, f/p - Saint Roka
Aim: Saint Roka, wielding a +1 battleaxe of electrocution and wearing a +0 chain mail (almost dead, ally target, 100% to hit)
The magic dart hits Saint Roka.
Saint Roka is almost dead.
Your battlesphere fires!
The barrage of energy hits Saint Roka!
Saint Roka is almost dead.
Unknown command.
Aiming: Throw Flame
Press: ? - help, Shift-Dir - straight line, f/p - Saint Roka
Aim: Saint Roka, wielding a +1 battleaxe of electrocution and wearing a +0 chain mail (almost dead, ally target, 77% to hit)
Okay, then.
Clouds of noxious fumes condense around you!
The condenser dries out!
Saint Roka is engulfed in noxious fumes.
Saint Roka appears confused.
Saint Roka is engulfed in noxious fumes.
Saint Roka seems less confused.
Saint Roka is engulfed in noxious fumes.
Saint Roka is engulfed in noxious fumes.
Saint Roka is engulfed in noxious fumes.
Saint Roka invokes the aid of Beogh against you.
Beogh smites you!
Saint Roka calls down the wrath of Beogh upon you.
Beogh smites you!
* * * LOW HITPOINT WARNING * * *
Saint Roka invokes the aid of Beogh against you.
Beogh smites you!
* * * LOW HITPOINT WARNING * * *
Casting: Magic Dart (safe; 0% risk of failure)
Confirm with . or Enter, or press ? or * to list all spells.
Aiming: Stone Arrow (safe; 1% risk of failure)
Press: ? - help, Shift-Dir - straight line, f/p - Saint Roka
Aim: Saint Roka, wielding a +1 battleaxe of electrocution and wearing a +0 chain mail (almost dead, 84% to hit)
The stone arrow hits Saint Roka!!
Saint Roka is almost dead.
Your battlesphere wavers and loses cohesion.
Saint Roka calls down the wrath of Beogh upon you.
Beogh smites you!
You die...

##.....### #......##
#####........## #......##
.#..##........## ###......#
#....#.........###........##
..............###...o......##
....[...[...........#.....#.###
........#.#........##.....*...##
...)..[####......○.###.o.......#
.....[###.##....@..#####.....###
....[..#.........[..##.......#
....<).[............#.##..<.#.#
......[.....................###
...##.[........#..).........#
...#......[...[).)<.)....####
#####...[........###.....# #
##.......##.## #.....# ##
##.##..##### .....###


You could see Saint Roka.

Vanquished Creatures
  Donald (Orc:2)
  An orc warlord (Orc:2)
  A very ugly thing (D:10)
  A white draconian (IceCv)
  A fire dragon (Lair:5)
  4 catoblepae
  9 hydras
  3 two-headed ogres
  9 death yaks
  An orc high priest (Orc:2)
  A swamp dragon (Lair:5)
  2 wizards (D:10)
  5 orc knights
  An orc sorcerer (Orc:2)
  6 ugly things (D:10)
  2 cyclopes
  21 elephants
  5 black mambas
  2 ice statues (IceCv)
  13 cane toads
  A gargoyle (D:11)
  An unseen horror (D:9)
  10 komodo dragons
  8 rime drakes
  A tengu conjurer (D:11)
  7 trolls
  12 polar bears
  2 tyrant leeches (Lair:3)
  9 blink frogs
  2 raiju (Lair:5)
  5 dream sheep (Lair:5)
  2 centaur simulacra (D:11)
  3 wyverns
  5 basilisks
  61 yaks
  2 wraiths
  Eustachio (D:5)
  2 steam dragons
  3 vampire mosquitoes
  10 wargs
  2 swamp worms (Lair:3)
  5 acid dragons
  9 water moccasins
  27 orc warriors
  A meliai simulacrum (D:11)
  13 hell hounds (Lair:5)
  A swamp drake (Lair:5)
  4 ice beasts
  3 sky beasts
  15 black bears
  4 centaurs
  3 ogres
  28 wolves
  A kobold brigand (D:9)
  9 bullfrogs
  A necrophage (D:7)
  3 two-headed ogre simulacra (D:11)
  3 scorpions
  3 lindwurm simulacra (IceCv)
  17 killer bees
  3 electric eels
  A hound (D:5)
  5 centaur zombies (Ossuary)
  6 komodo dragon simulacra (IceCv)
  2 jellies
  3 human zombies (Ossuary)
  9 orc priests
  5 iguanas
  18 orc wizards
  A spriggan simulacrum (D:11)
  A troll simulacrum (D:11)
  2 mummies (Ossuary)
  2 naga simulacra (D:11)
  8 acid dragon simulacra (IceCv)
  7 adders
  A shadow imp (D:4)
  3 white imps
  4 steam dragon simulacra (IceCv)
  An ufetubus (D:11)
  2 adder zombies (Ossuary)
  2 dart slugs
  69 orcs
  3 ball pythons
  6 endoplasms
  8 giant cockroaches
  8 goblins
  5 hobgoblins
  2 quokkas
  9 bats
  6 frilled lizards
  2 goblin zombies (Ossuary)
  10 hobgoblin zombies (Ossuary)
  13 kobolds
  7 kobold zombies (Ossuary)
  8 orc zombies (Ossuary)
  5 rats
  A spectral kobold (D:1)
636 creatures vanquished.

Vanquished Creatures (others)
  172 fulminant prisms
  63 fungi
  150 plants
385 creatures vanquished.

Grand Total: 1021 creatures vanquished

Notes
Turn   | Place    | Note
-------+----------+-------------------------------------------
     0 | D:1      | MacCMillion the Gargoyle Earth Elementalist began the quest
                  | for the Orb.
     0 | D:1      | Reached XP level 1. HP: 10/10 MP: 3/3
   169 | D:1      | Found a faded altar of an unknown god.
   351 | D:1      | Reached XP level 2. HP: 15/15 MP: 1/5
  1197 | D:2      | Reached XP level 3. HP: 19/19 MP: 4/6
  1363 | D:2      | Reached skill level 5 in Earth Magic
  1367 | D:2      | Learned a level 3 spell: Stone Arrow
  1749 | D:2      | Reached skill level 1 in Conjurations
  2281 | D:3      | Reached XP level 4. HP: 21/24 MP: 4/7
  2458 | D:3      | Found Zyhimij's Weapon Shop.
  2589 | D:3      | Found a white marble altar of Elyvilon.
  2656 | D:3      | Became a worshipper of Elyvilon the Healer
  2667 | D:3      | Found a runed translucent gate.
  2668 | D:3      | Found a runed translucent gate.
  2670 | D:3      | Found a runed translucent gate.
  2679 | D:3      | Noticed Mindmass's ghost (novice MiBe)
  3090 | D:4      | Found Egasoy's Distillery.
  3179 | D:4      | Noticed a black bear
  3185 | D:4      | Killed a black bear
  3186 | D:4      | Reached XP level 5. HP: 8/28 MP: 3/8
  3460 | D:4      | Reached * piety under Elyvilon
  3463 | D:4      | Reached XP level 6. HP: 32/32 MP: 5/9
  3652 | D:4      | Found a sand-covered staircase.
  3658 | Ossuary  | Entered an ossuary
  4305 | Ossuary  | Reached XP level 7. HP: 31/36 MP: 7/10
  4391 | Ossuary  | Reached skill level 5 in Conjurations
  4816 | D:4      | Reached ** piety under Elyvilon
  4816 | D:4      | Found a staircase to the Ecumenical Temple.
  4862 | Temple   | Entered the Ecumenical Temple
  5011 | D:4      | Found a runed translucent door.
  5012 | D:4      | Noticed Crazy Yiuf
  5680 | D:5      | Entered Level 5 of the Dungeon
  5982 | D:5      | Noticed Eustachio
  6539 | D:5      | Killed Eustachio
  6553 | D:5      | Noticed Grinder
  6632 | D:6      | Noticed a steam dragon
  6637 | D:6      | Killed a steam dragon
  6638 | D:6      | Reached XP level 8. HP: 36/41 MP: 1/11
  6823 | D:6      | Found Tatrib's Armour Shoppe.
  6828 | D:6      | Bought a +1 pair of boots for 149 gold pieces
  6858 | D:6      | Reached skill level 10 in Earth Magic
  7040 | D:6      | Reached *** piety under Elyvilon
  7060 | D:6      | Found Idiogay's Assorted Antiques.
  7075 | D:6      | Found Oczy's Magic Scroll Boutique.
  7083 | D:6      | Bought a scroll of teleportation for 36 gold pieces
  7083 | D:6      | Bought a scroll of noise for 12 gold pieces
  7810 | D:7      | Reached skill level 5 in Stealth
  7905 | D:7      | Reached skill level 5 in Spellcasting
  7905 | D:7      | Reached XP level 9. HP: 45/45 MP: 10/16
  8074 | D:7      | Reached **** piety under Elyvilon
  8412 | D:7      | Found a glowing golden altar of the Shining One.
  8640 | D:8      | Reached skill level 1 in Fighting
  8649 | D:8      | Noticed a two-headed ogre
  8878 | D:8      | Learned a level 4 spell: Fulminant Prism
  8920 | D:8      | Reached skill level 1 in Hexes
  9062 | D:8      | Found Tanaf's Distillery.
  9077 | D:8      | Bought a potion of heal wounds for 70 gold pieces
  9632 | D:9      | Noticed a two-headed ogre
  9691 | D:9      | Reached ***** piety under Elyvilon
  9881 | D:9      | Reached skill level 5 in Fighting
  9942 | D:9      | Reached XP level 10. HP: 55/59 MP: 13/19
 10082 | D:9      | Found a blossoming altar of Fedhas.
 10084 | D:9      | Noticed a two-headed ogre
 10417 | D:9      | Found Hinueqille's General Store.
 10586 | D:10     | Entered Level 10 of the Dungeon
 11027 | D:10     | Found a radiant altar of Vehumet.
 11027 | D:10     | Found a hide-covered altar of Uskayaw.
 11532 | D:10     | Fell from the grace of Elyvilon
 11532 | D:10     | Became a worshipper of Vehumet
 11611 | D:9      | Learned a level 2 spell: Blink
 11693 | D:10     | Found a sparkling altar of Nemelex Xobeh.
 11741 | D:10     | Found a staircase to the Orcish Mines.
 11815 | D:10     | Reached skill level 1 in Translocations
 11964 | D:10     | Noticed a cyan ugly thing
 11965 | D:10     | Noticed a white ugly thing
 11965 | D:10     | Noticed a purple ugly thing
 11965 | D:10     | Noticed a cyan ugly thing
 11965 | D:10     | Noticed a purple ugly thing
 11970 | D:10     | Noticed a brown ugly thing
 12172 | D:10     | Killed a cyan ugly thing
 12173 | D:10     | Reached XP level 11. HP: 68/68 MP: 4/20
 12392 | D:10     | Killed a cyan ugly thing
 12577 | D:10     | Found a glowing silver altar of Zin.
 12769 | D:10     | Killed a cyan ugly thing
 12990 | D:10     | Noticed a wizard
 12999 | D:10     | Killed a wizard
 13068 | D:10     | Noticed a red very ugly thing
 13085 | D:10     | Killed a red very ugly thing
 13175 | D:10     | Noticed a wizard
 13185 | D:10     | Killed a wizard
 13323 | D:10     | Identified the +2 pair of gloves of Valiance {rPois rN+
                  | Regen+}
 13441 | D:10     | Killed a green ugly thing
 13441 | D:10     | Killed a purple ugly thing
 13442 | D:10     | Reached skill level 10 in Conjurations
 13442 | D:10     | Killed a green ugly thing
 13665 | D:9      | Killed a two-headed ogre
 13666 | D:9      | Reached skill level 10 in Fighting
 14314 | D:9      | Killed a two-headed ogre
 14314 | D:9      | Reached * piety under Vehumet
 14533 | D:8      | Killed a two-headed ogre
 14534 | D:8      | Reached XP level 12. HP: 77/77 MP: 13/21
 15121 | D:11     | Reached skill level 5 in Hexes
 15359 | D:11     | Offered knowledge of Static Discharge by Vehumet.
 15367 | D:11     | Reached ** piety under Vehumet
 15373 | D:11     | Found a frozen archway.
 15421 | IceCv    | Entered an ice cave
 16326 | IceCv    | Offered knowledge of Scorch by Vehumet.
 16446 | IceCv    | Noticed a white draconian
 16551 | IceCv    | Killed a white draconian
 17065 | D:11     | Found a staircase to the Lair.
 17636 | Lair:1   | Entered Level 1 of the Lair of Beasts
 17651 | Lair:1   | Noticed a four-headed hydra
 18116 | Lair:1   | Noticed a six-headed hydra
 18251 | Lair:1   | Reached skill level 1 in Shields
 18473 | Lair:1   | Reached XP level 13. HP: 82/82 MP: 20/22
 18633 | Lair:1   | Reached *** piety under Vehumet
 19138 | Lair:1   | Reached skill level 5 in Shields
 19226 | Lair:1   | Learned a level 7 spell: Ozocubu's Refrigeration
 19340 | Lair:1   | Reached skill level 1 in Ice Magic
 19423 | Lair:1   | Reached skill level 2 in Ice Magic
 19896 | Lair:2   | Reached skill level 3 in Ice Magic
 20097 | Lair:2   | Reached skill level 4 in Ice Magic
 20499 | Lair:2   | Offered knowledge of Iskenderun's Mystic Blast by Vehumet.
 20661 | Lair:2   | Reached skill level 5 in Ice Magic
 21143 | Lair:3   | Reached skill level 6 in Ice Magic
 21428 | Lair:2   | Reached **** piety under Vehumet
 21541 | Lair:3   | Reached skill level 7 in Ice Magic
 21576 | Lair:3   | Found a staircase to the Snake Pit.
 21993 | Lair:3   | Offered knowledge of Iskenderun's Battlesphere by Vehumet.
 21994 | Lair:3   | Reached skill level 8 in Ice Magic
 22000 | Lair:3   | Learned a level 5 spell: Iskenderun's Battlesphere
 22002 | Lair:3   | Learned a level 1 spell: Magic Dart
 22460 | Lair:3   | Reached skill level 9 in Ice Magic
 22852 | Lair:3   | Gained mutation: Your large and strong wings let you fly.
                  | [Gargoyle growth]
 22852 | Lair:3   | Reached XP level 14. HP: 88/88 MP: 10/23
 23262 | Lair:3   | Reached skill level 10 in Ice Magic
 23400 | Lair:3   | Found a staircase to the Swamp.
 24226 | Lair:4   | Reached skill level 11 in Ice Magic
 25147 | Lair:5   | Entered Level 5 of the Lair of Beasts
 25155 | Lair:5   | Reached ***** piety under Vehumet
 25156 | Lair:5   | Offered knowledge of Lee's Rapid Deconstruction by Vehumet.
 25161 | Lair:5   | Reached skill level 12 in Ice Magic
 25735 | Lair:5   | Found a staircase to the Slime Pits.
 25761 | Lair:5   | Reached skill level 13 in Ice Magic
 27904 | Lair:5   | Reached XP level 15. HP: 92/92 MP: 18/25
 27972 | Lair:5   | Reached skill level 14 in Ice Magic
 29663 | Lair:5   | Identified the ring of the Ancient Hosts {rPois Int+3 SInv}
 30146 | Orc:1    | Entered Level 1 of the Orcish Mines
 30147 | Orc:1    | Offered knowledge of Freezing Cloud by Vehumet.
 31013 | Orc:2    | Entered Level 2 of the Orcish Mines
 31243 | Orc:2    | Found Qebrig's Armour Emporium.
 31243 | Orc:2    | Noticed Donald
 31253 | Orc:2    | Killed Donald
 31646 | Orc:2    | Paralysed by an orc sorcerer for 2 turns
 31803 | Orc:1    | Reached skill level 15 in Ice Magic
 31922 | Orc:2    | Paralysed by an orc sorcerer for 4 turns
 32049 | Orc:2    | Paralysed by an orc sorcerer for 2 turns
 32245 | Orc:2    | Noticed an orc warlord
 32291 | Orc:2    | Killed an orc warlord
 32578 | Orc:2    | Noticed Saint Roka
 32820 | Orc:2    | HP: 2/92 [Saint Roka/divine providence (15)]
 32836 | Orc:2    | Killed from afar by Saint Roka

Illustrated notes

Levels and vault maps discovered:
D:1:      minmay_arrival_jagged, layout_rooms,
          dreamdust_ecumenical_altar_drowned_temple
D:2:      layout_basic, minmay_pentomino_w4
D:3:      layout_loops_cross, lemuel_round_altar, gammafunk_ghost_split,
          serial_shops, shop
D:4:      layout_basic, minmay_temple_entry_large_hall,
          lightli_ossuary_entry_decrepit_ruins, nicolae_stop_n_shop_2,
          serial_bayou_lake_a, uniq_crazy_yiuf_cottage
D:5:      layout_loops_ring, mainiacjoe_overflow_chevrons, uniq_eustachio,
          uniq_prince_ribbit1, uniq_grinder
D:6:      layout_loops_corners, serial_shops, shop, shop, shop_scrolls
D:7:      layout_loops_ring, nicolae_tso_swordbearing_angel,
          nrook_mini_backslash, chequers_serial_rivers_micro_d
D:8:      layout_basic, serial_shops, nicolae_shop_waterfront
D:9:      layout_rooms, fedhas_ov_isle_minmay, serial_shops, kennysheep_mini
D:10:     cheibrodos_breeding_chamber, layout_cave_pools,
          mainiacjoe_overflow_paths, zin_scriptorium, jmf_multi_god_temple
D:11:     layout_irregular_city, david_lair_shrubbed,
          portal_ice_cave_entry_ice_simulacra, serial_ice, serial_ice_d,
          serial_ice_m, serial_ice_o, serial_ice_b, serial_ice_l, serial_ice_c,
          serial_ice_a, serial_ice_h, lightli_minifort
Temple:   nicolae_temple_great_sept
Lair:1:   layout_loops_ring
Lair:2:   layout_chaotic_city, beast_lair_carwin_11
Lair:3:   layout_roguey, minmay_swamp_entry_worms, dummy_snake_entry,
          minmay_lair_oklob_bushes, serial_bayou_shore_a
Lair:4:   layout_long_grid
Lair:5:   guppyfry_lair_end_dragon, layout_hall_layers,
          hangedman_lair_caniforms_friends, slime_entry_1, minivault_23
Orc:1:    layout_diamond_mine
Orc:2:    grunt_orc_cross, layout_diamond_mine, serial_shops, shop, uniq_donald,
          uniq_saint_roka

Skill      XL: |  1  2  3  4  5  6  7  8  9 10 11 12 13 14 15 |
---------------+----------------------------------------------+-----
Earth Magic    | 4 5 6 7 9 10 | 10.0
Conjurations   | 1 3 4 5 6 8 12 14 | 14.9
Stealth        | 5 |  5.0
Spellcasting   | 5 6 9 |  9.0
Fighting       | 5 8 10 | 10.0
Hexes          | 3 4 7 |  7.0
Translocations | 2 4 |  4.0
Shields        | 3 5 |  5.0
Ice Magic      | 9 13 15 | 15.1
Dodging        | |  1.6
Transmutations | |  0.9

Action                   |  1- 3 |  4- 6 |  7- 9 | 10-12 | 13-15 || total
-------------------------+-------+-------+-------+-------+-------++-------
Melee: Dagger            |    13 |    22 |    10 |    21 |    96 ||   162
       Punch             |       |     1 |       |     1 |     1 ||     3
 Cast: Sandblast         |    54 |   107 |   153 |   139 |    10 ||   463
       Stone Arrow       |       |       |    10 |    78 |   218 ||   306
       Fulminant Prism   |       |       |       |    94 |    78 ||   172
       Blink             |       |       |       |     6 |    20 ||    26
       Magic Dart        |       |       |       |       |   297 ||   297
       Iskenderun's Batt |       |       |       |       |   104 ||   104
       Ozocubu's Refrige |       |       |       |       |    22 ||    22
Evoke: Wand              |       |       |     1 |     7 |     6 ||    14
       Box of beasts     |       |       |       |     1 |     1 ||     2
       Condenser vane    |       |       |       |       |     1 ||     1
  Use: Scroll            |       |     5 |     4 |     4 |     6 ||    19
       Potion            |       |       |     1 |     2 |     1 ||     4
 Stab: Sleeping          |       |       |     3 |       |     1 ||     4
       Petrified         |       |       |       |       |     8 ||     8
Armor: Robe              |    17 |    33 |   102 |   125 |   119 ||   396
       Acid dragon scale |       |       |       |       |    95 ||    95
Dodge: Dodged            |    16 |    37 |    96 |   112 |   147 ||   408
Block: Buckler           |       |       |       |       |    48 ||    48
